 Dungeon Crawl Stone Soup version 0.25.1-2-g60ff931df9 (webtiles) character file.

Game seed: 12496178901832444985

24515 BrickInstitution the Cleaver (level 13, -1/108 HPs)
             Began as a Hill Orc Fighter on Aug 30, 2020.
             Was an Elder of Beogh.
             Hit by a silver javelin thrown by a merfolk javelineer (17 damage)
             ... on level 2 of the Shoals.
             The game lasted 01:49:40 (13393 turns).

BrickInstitution the Cleaver (Hill Orc Fighter)    Turns: 13393, Time: 01:49:40

Health: -1/108     AC: 24    Str: 24    XL:     13   Next: 13%
Magic:  24/24      EV:  9    Int: 14    God:    Beogh [****..]
Gold:   591        SH: 21    Dex: 10    Spells: 12/12 levels left

rFire    . . .     SeeInvis +   S - +8 whip "Snakebite" {curare, rPois}
rCold    + . .     Gourm    .   c - +3 kite shield
rNeg     . . .     Faith    .   K - +2 chain mail {rC+}
rPois    +         Spirit   .   R - +2 helmet {SInv}
rElec    .         Reflect  +   e - +0 cloak
rCorr    .         Harm     .   U - +1 pair of gloves
MR       .....                  B - +2 pair of boots
Stlth    ..........             X - amulet of reflection
HPRegen  0.28/turn              H - +6 ring of intelligence
MPRegen  0.19/turn              V - ring of magical power

@: mighty
A: no striking features
a: Smiting, Recall Orcish Followers, Renounce Religion


You were on level 2 of the Shoals.
You worshipped Beogh.
Beogh was greatly pleased with you.
You were not hungry.

You visited 3 branches of the dungeon, and saw 16 of its levels.
You also visited: Ossuary and Gauntlet.

You collected 801 gold pieces.
You spent 210 gold pieces at shops.

Inventory:

Hand Weapons
 j - the +2 trident "Cysuh" {elec, Int+3}
   (You found it on level 1 of the Shoals)

   Occasionally, upon striking a foe, it will discharge some electrical energy
   and cause terrible harm.
   It affects your intelligence (+3).
 k - a +4 war axe of draining
 I - a +2 dagger of venom
 O - a +1 flail of protection
 S - the +8 whip "Snakebite" (weapon) {curare, rPois}
   (You found it on level 1 of the Lair of Beasts)

   It poisons the flesh of those it strikes.
   It protects you from poison.
Missiles
 z - 34 poisoned darts
 T - 4 silver javelins (quivered)
Armour
 b - a +1 chain mail of poison resistance
 c - a +3 kite shield (worn)
 e - a +0 cloak (worn)
 B - a +2 pair of boots (worn)
 K - a +2 chain mail of cold resistance (worn)
 R - a +2 helmet of see invisible (worn)
 U - a +1 pair of gloves (worn)
Jewellery
 H - a +6 ring of intelligence (left hand)
 V - a ring of magical power (right hand)
 X - an amulet of reflection (around neck)
Wands
 g - a wand of enslavement (5)
 r - a wand of flame (61)
 v - a wand of iceblast (10)
 E - a wand of polymorph (7)
 F - a wand of clouds (5)
 W - a wand of digging (6)
Scrolls
 i - a scroll of fog {unknown}
 l - a scroll of fear
 o - a scroll of blinking {unknown}
 t - 2 scrolls of amnesia
 y - a scroll of vulnerability
 A - 8 scrolls of remove curse
 D - 2 scrolls of immolation
 J - a scroll of random uselessness
 M - 2 scrolls of magic mapping
 P - a scroll of summoning {unknown}
 Y - a scroll of identify
 Z - a scroll of teleportation
Potions
 d - 6 potions of might
 h - 4 potions of brilliance
 m - 3 potions of lignification
 s - 5 potions of curing
 u - a potion of stabbing
 w - 4 potions of haste
 C - 6 potions of flight
 G - 2 potions of ambrosia
 Q - a potion of berserk rage {unknown}
Comestibles
 a - 9 chunks of flesh
 f - 26 rations


   Skills:
 + Level 8.5 Fighting
 - Level 0.5 Short Blades
 - Level 14.5(15.6) Axes
 * Level 8.7(11.7) Maces & Flails
 * Level 10.7 Armour
 + Level 4.2 Dodging
 - Level 0.2 Stealth
 * Level 12.3 Shields
 + Level 2.8 Invocations
 + Level 0.1 Evocations


You had 12 spell levels left.
You didn't know any spells.
Your spell library contained the following spells:

 Spells                   Type           Power        Failure   Level  Hunger
 Freeze                   Ice            #...         91%         1    ##.....
 Magic Dart               Conj           #...         91%         1    ##.....
 Blink                    Tloc           N/A          97%         2    ###....
 Call Imp                 Summ           #.......     97%         2    ###....
 Slow                     Hex            #.......     97%         2    ###....
 Conjure Flame            Conj/Fire      #.......     99%         3    ####...
 Frozen Ramparts          Ice            #.....       99%         3    ####...
 Mephitic Cloud           Conj/Pois/Air  #.......     99%         3    ####...
 Ozocubu's Armour         Chrm/Ice       #.......     99%         3    ####...
 Hailstorm                Conj/Ice       #.......     100%        4    #####..
 Summon Ice Beast         Ice/Summ       #.......     100%        4    #####..


Dungeon Overview and Level Annotations

Branches:
Dungeon (10/15)            Temple (0/1) D:4            Lair (4/6) D:10
 Shoals (2/4) Lair:4      Ossuary (visited)         Gauntlet (visited)
  Snake: Lair:2-4    Spider: Lair:2-4       Orc: D:9-12

Altars:
Ashenzari
Dithmenos
Elyvilon
Hepliaklqana
Makhleb
Qazlal
Ru
Vehumet
Wu Jian
Xom
Yredelemnul
Zin

Shops:
D:9 *   Shoals:1 [:


Message History

The merfolk javelineer throws a silver javelin.
The silver javelin pierces through you but does no damage.
The silver javelin pierces through the faun!!
You closely miss the merfolk javelineer.
The merfolk javelineer is moderately wounded.
The faun shoots a stone.
You reflect the stone off an invisible shield around you!
The stone closely misses the faun.
The faun shoots a stone.
You reflect the stone off an invisible shield around you!
The stone barely misses the faun.
The merfolk javelineer throws a silver javelin.
The silver javelin pierces through you!
* * * LOW HITPOINT WARNING * * *
x2 The silver javelin pierces through the faun!!
The faun shoots a stone.
The stone hits you!
* * * LOW HITPOINT WARNING * * *
There is a stone staircase leading up, spattered with blood here.
The merfolk javelineer throws a silver javelin.
The silver javelin pierces through you!
You die...

...... ....#
≈...# ...# .
...####(.
#.....c.. .
#...≈....
....####@..≈c...
......m(..c≈≈((≈
...≈..m.≈≈≈($.%.
.≈≈≈...≈≈....!..
.≈≈.≈≈≈≈........
≈..≈≈≈≈.....#...
≈≈.≈≈≈≈...####..
...≈≈≈≈...# ..
....≈≈≈≈...


You could see a merfolk javelineer (very poisoned), a merfolk and 3 fauns.

Vanquished Creatures
  A hydra (Lair:3)
  A two-headed ogre (D:5)
  A sea snake (Shoals:1)
  8 harpies (Shoals:1)
  A lindwurm (Lair:3)
  A cyclops (Shoals:1)
  2 manticores (Shoals:1)
  4 fauns (Shoals:1)
  3 merfolk sirens
  3 black mambas (Lair:1)
  A spiny frog (Lair:3)
  A rime drake (Lair:3)
  Maggie (D:6)
  4 komodo dragons
  A troll (D:10)
  3 merfolk
  A polar bear (Lair:3)
  A wind drake (Shoals:1)
  4 dream sheep (Shoals:1)
  5 hippogriffs
  5 yaks
  A steam dragon (D:8)
  A hungry ghost (D:10)
  7 water moccasins
  3 porcupines
  2 orc warriors
  A necrophage (D:8)
  A sky beast (D:7)
  2 black bears (D:9)
  3 centaurs
  2 phantoms
  2 ogres (D:5)
  6 crocodiles
  An elf zombie (D:7)
  A big kobold (D:9)
  12 bullfrogs
  A water moccasin zombie (Ossuary)
  An elf skeleton (D:7)
  3 scorpions
  7 killer bees (D:8)
  3 wights (D:7)
  2 howler monkeys (D:8)
  6 electric eels
  4 crimson imps
  3 bullfrog zombies
  2 hounds
  A centaur zombie (D:10)
  4 orc wizards
  A human zombie (D:7)
  3 orc priests
  A centaur skeleton (D:4)
  Terence (D:2)
  A human skeleton (D:7)
  6 worker ants
  5 iguanas
  3 big kobold zombies (Ossuary)
  A hound skeleton (D:5)
  2 mummies (Ossuary)
  12 adders
  A shadow imp (D:10)
  An ooze (D:1)
  8 adder zombies
  5 worms
  11 dart slugs
  6 leopard geckos
  21 orcs
  9 bats
  A giant cockroach (D:4)
  2 gnoll zombies (Ossuary)
  5 goblins
  10 hobgoblins
  17 jackals
  11 kobolds
  5 quokkas
  2 ball pythons
  4 frilled lizards
  5 hobgoblin zombies (Ossuary)
  6 kobold zombies (Ossuary)
  An orc skeleton (D:7)
  6 orc zombies (Ossuary)
  A quokka skeleton (D:4)
  12 rats
  A butterfly (Lair:2)
  3 plants (D:9)
  2 withered plants (D:10)
326 creatures vanquished.

Vanquished Creatures (collateral kills)
  A hydra (Lair:4)
  A catoblepas (Lair:2)
  A merfolk siren (Lair:4)
  A gargoyle (D:10)
  A troll (D:10)
  A queen bee (D:8)
  A hippogriff (Lair:2)
  5 yaks
  A basilisk (Lair:4)
  A water moccasin (Lair:1)
  A porcupine (Lair:2)
  A centaur (D:9)
  3 crocodiles
  A water moccasin skeleton (D:9)
  8 killer bees (D:8)
  A howler monkey (D:8)
  A quasit (D:10)
  An orc wizard (D:10)
  A worker ant (D:10)
  A howler monkey skeleton (D:10)
  A leopard gecko (D:8)
  2 orcs
  A jackal (D:10)
  A kobold (D:9)
  A quokka zombie (D:10)
  5 plants (D:9)
44 creatures vanquished.

Vanquished Creatures (others)
  2 orc priests
  12 orcs
  A fungus (Lair:4)
  3 plants
18 creatures vanquished.

Grand Total: 388 creatures vanquished

Notes
Turn   | Place    | Note
-------+----------+-------------------------------------------
     0 | D:1      | BrickInstitution the Hill Orc Fighter began the quest for
                  | the Orb.
     0 | D:1      | Reached XP level 1. HP: 19/19 MP: 1/1
    44 | D:1      | Reached skill level 3 in Axes
    44 | D:1      | Reached XP level 2. HP: 22/27 MP: 2/2
   583 | D:1      | Reached XP level 3. HP: 29/33 MP: 3/3
  1024 | D:2      | Reached skill level 4 in Axes
  1107 | D:2      | Reached XP level 4. HP: 40/40 MP: 4/4
  1291 | D:2      | Noticed Terence
  1304 | D:2      | Killed Terence
  2512 | D:3      | Reached XP level 5. HP: 36/47 MP: 5/5
  2602 | D:3      | Reached skill level 1 in Maces & Flails
  3085 | D:3      | Became a worshipper of Beogh the Brigand
  3364 | D:3      | Reached skill level 1 in Dodging
  3402 | D:3      | Found an ornate altar of the Wu Jian Council.
  3691 | D:4      | Found a staircase to the Ecumenical Temple.
  3698 | D:4      | Reached XP level 6. HP: 49/53 MP: 6/6
  3792 | D:4      | Found a shadowy altar of Dithmenos.
  4355 | D:5      | Entered Level 5 of the Dungeon
  4441 | D:5      | Reached XP level 7. HP: 60/60 MP: 7/7
  4536 | D:5      | Reached skill level 5 in Axes
  4536 | D:5      | Reached skill level 5 in Shields
  4606 | D:5      | Found a stormy altar of Qazlal.
  4606 | D:5      | Found a shattered altar of Ashenzari.
  4617 | D:5      | Found a burning altar of Makhleb.
  4678 | D:5      | Reached * piety under Beogh
  4900 | D:5      | Noticed a two-headed ogre
  4908 | D:5      | Killed a two-headed ogre
  4908 | D:5      | Reached skill level 5 in Fighting
  4908 | D:5      | Reached skill level 8 in Axes
  4908 | D:5      | Reached skill level 5 in Armour
  4908 | D:5      | Reached XP level 8. HP: 38/68 MP: 8/8
  5072 | D:6      | Reached skill level 9 in Axes
  5535 | D:6      | Found a shimmering altar of Xom.
  5564 | D:6      | Reached skill level 10 in Axes
  5573 | D:6      | Reached XP level 9. HP: 44/75 MP: 9/9
  5724 | D:6      | Noticed Maggie
  5731 | D:6      | Killed Maggie
  6089 | D:6      | Found a shimmering altar of Xom.
  6404 | D:7      | Found a sand-covered staircase.
  6428 | D:7      | Reached skill level 11 in Axes
  6465 | Ossuary  | Entered an ossuary
  6498 | Ossuary  | Reached ** piety under Beogh
  6715 | D:7      | Reached *** piety under Beogh
  6897 | D:7      | Found a radiant altar of Vehumet.
  7189 | D:8      | Reached skill level 12 in Axes
  7320 | D:8      | Found a hazy altar of Hepliaklqana.
  7329 | D:8      | Reached XP level 10. HP: 84/84 MP: 10/10
  8029 | D:9      | Found a glowing silver altar of Zin.
  8083 | D:9      | Reached skill level 13 in Axes
  8352 | D:9      | Reached skill level 1 in Invocations
  8485 | D:9      | Found a white marble altar of Elyvilon.
  8671 | D:9      | Found Reomac's Assorted Antiques.
  8680 | D:9      | Bought a shiny helmet for 210 gold pieces
  8826 | D:9      | Found a sacrificial altar of Ru.
  8975 | D:10     | Entered Level 10 of the Dungeon
  8977 | D:10     | Found a basalt altar of Yredelemnul.
  8979 | D:10     | Noticed a gargoyle
  8992 | D:10     | Killed a gargoyle
  9098 | D:10     | Found a glowing silver altar of Zin.
  9535 | D:10     | Found a staircase to the Lair.
  9549 | D:10     | Reached XP level 11. HP: 92/92 MP: 12/12
  9555 | Lair:1   | Entered Level 1 of the Lair of Beasts
  9581 | Lair:1   | Found a gate leading to a gauntlet.
  9616 | Lair:1   | Reached skill level 14 in Axes
  9624 | Lair:1   | Gained Garbold as an ally
  9687 | Lair:1   | Reached **** piety under Beogh
  9828 | Lair:1   | Found the +8 whip "Snakebite" {curare, rPois}
  9925 | Gauntlet | Entered a Gauntlet
  9925 | Gauntlet | Found a transporter.
  9925 | Gauntlet | Found a runed translucent door.
  9926 | Gauntlet | Found a runed translucent door.
 10484 | Lair:2   | You fall into a shaft and drop 1 floor!
 10789 | Lair:3   | Reached skill level 5 in Maces & Flails
 10792 | Lair:3   | Noticed a five-headed hydra
 10810 | Lair:3   | Killed a five-headed hydra
 10810 | Lair:3   | Reached skill level 10 in Shields
 10839 | Lair:3   | Reached XP level 12. HP: 71/101 MP: 13/13
 11594 | Lair:2   | Killed a catoblepas
 12056 | Lair:4   | Noticed an eight-headed hydra
 12066 | Lair:4   | Killed an eight-headed hydra
 12151 | Lair:4   | Found a staircase to the Shoals.
 12157 | Lair:4   | Reached skill level 10 in Armour
 12166 | Shoals:1 | Entered Level 1 of the Shoals
 12229 | Shoals:1 | Found Zuydilet's Book Shoppe.
 12343 | Shoals:1 | Got a shimmering trident
 12344 | Shoals:1 | Identified the cursed +2 trident "Cysuh" {elec, Int+3} (You
                  | found it on level 1 of the Shoals)
 12785 | Shoals:1 | Reached XP level 13. HP: 74/108 MP: 14/14
 13306 | Shoals:1 | Found Orgheifre's Armour Emporium.
 13384 | Shoals:2 | Noticed a merfolk javelineer
 13393 | Shoals:2 | Hit by a silver javelin thrown by a merfolk javelineer

Illustrated notes

Levels and vault maps discovered:
D:1:      sevenhm_arrival_forest_fort_small_3, layout_basic,
          chequers_hall_statues_corner_a
D:2:      layout_loops_ring, uniq_terence
D:3:      kennysheep_slugbush, layout_rooms, lemuel_doored_altar,
          hangedman_abyss_or_decor_lesser_grid
D:4:      layout_basic, grunt_dithmenos_smoke, minmay_temple_entry_mist
D:5:      layout_loops_cross, gammafunk_temple_overflow_claw, first_ration
D:6:      layout_basic, kennysheep_mini_moat, basic_altar, uniq_maggie
D:7:      layout_basic, vehumet_altar_wand_db, nicolae_ossuary_entry_catacombs,
          st_stairs_13
D:8:      layout_loops_ring, overflow_temple_1_default, david_nohive_1
D:9:      layout_small_grid, nicolae_overflow_hidden_temple, kennysheep_mini,
          serial_bayou, serial_bayou_crossing, serial_bayou_lake_a,
          serial_bayou_pond_a, serial_bayou_lagoon_a, serial_shops, shop_statue,
          nicolae_ru_path_of_blood
D:10:     layout_loops_cross, david_lair_shrubbed, basic_altar,
          chequers_serial_rivers_room_b, yredelemnul_altar_generic
Lair:1:   minmay_guarded_unrand_snakebite, layout_cave_pods,
          gauntlet_entry_generic, minmay_stone_trees_small, serial_bayou_shore_a
Lair:2:   layout_long_grid, grunt_megastairs_3, serial_bayou_shore_b,
          infiniplex_staircase_pool, lemuel_fruit_fields
Lair:3:   layout_regular_city, nicolae_volcano_entry_vermiform,
          grunt_megastairs_1
Lair:4:   layout_cave_shapes, elwin_shoals_entry_stream,
          minmay_snake_entry_spellcaster
Shoals:1: layout_shoals, serial_shops, shop, shop, nicolae_shoals_loop_pool
Shoals:2: layout_shoals

Skill      XL: |  1  2  3  4  5  6  7  8  9 10 11 12 13 |
---------------+----------------------------------------+-----
Axes           | 3 4 8 10 12 13 14 | 14.5
Fighting       | 4 5 6 7 8 |  8.5
Shields        | 4 5 7 8 10 11 12 | 12.3
Maces & Flails | 2 5 8 |  8.7
Dodging        | 1 2 3 4 |  4.2
Armour         | 4 5 6 8 9 10 | 10.7
Invocations    | 1 2 |  2.8
Short Blades   | |  0.5
Stealth        | |  0.2
Evocations     | |  0.1

Action                   |  1- 3 |  4- 6 |  7- 9 | 10-12 | 13-15 || total
-------------------------+-------+-------+-------+-------+-------++-------
Melee: War axe           |   112 |    38 |   310 |   298 |       ||   758
       Whip              |       |   216 |       |   272 |    39 ||   527
       Dagger            |       |    11 |    55 |       |       ||    66
Throw: Dart              |       |       |       |     3 |       ||     3
Invok: Convert to Beogh  |       |     1 |       |       |       ||     1
       Smiting           |       |       |       |    14 |     1 ||    15
       Recall Orcish Fol |       |       |       |     2 |       ||     2
Evoke: Wand              |       |     1 |       |       |       ||     1
  Use: Scroll            |       |     6 |     9 |    12 |       ||    27
       Potion            |       |     1 |     1 |     7 |     1 ||    10
 Stab: Distracted        |       |       |       |     1 |       ||     1
  Eat: Ration            |     1 |     2 |     1 |     3 |     1 ||     8
       Chunk             |       |     4 |     4 |    10 |     1 ||    19
Armor: Scale mail        |    66 |   140 |    25 |       |       ||   231
       Skin              |       |       |    25 |    71 |       ||    96
       Chain mail        |       |       |    75 |   234 |    12 ||   321
Dodge: Dodged            |    39 |    98 |    72 |   111 |     3 ||   323
Block: Kite shield       |    61 |   155 |   177 |   422 |    23 ||   838
       Reflection        |       |       |       |    12 |     6 ||    18
